 Dungeon Crawl Stone Soup version 0.18-a0-1577-gf591c28 (webtiles) character file.

212 M4edhros the Sneak (level 5, -1/33 HPs)
             Began as an Octopode Artificer on Mar 20, 2016.
             Slain by a mummy (20 damage)
             ... on level 4 of the Dungeon.
             The game lasted 00:03:22 (3192 turns).

M4edhros the Sneak (Octopode Artificer)             Turns: 3192, Time: 00:03:22

Health: -1/33      AC:  1    Str: 11    XL:     5   Next: 90%
Magic:  7/7        EV: 13    Int: 14    God:
Gold:   163        SH:  0    Dex: 13    Spells: 0 memorised, 4 levels left

rFire  . . .     SeeInvis .     a - +0 short sword
rCold  . . .     Gourm    .     (no shield)
rNeg   . . .     Faith    .     (helmet restricted)
rPois  .         Spirit   .     (no amulet)
rElec  .         Dismiss  .     r - ring of loudness (curse)
rCorr  .         Reflect  .     (no ring)
SustAt .         Harm     .     (no ring)
MR     .....                    (no ring)
Stlth  ++++......               (no ring)
                                (no ring)
                                (no ring)
                                (no ring)

@: not resistant to hostile enchantments, stealthy
A: almost no armour, amphibious, 8 rings, constrict 8, camouflage 1, gelatinous
body 1
a: no special abilities


You were on level 4 of the Dungeon.
You were not hungry.

You visited 1 branch of the dungeon, and saw 4 of its levels.

You collected 163 gold pieces.

Inventory:

Hand Weapons
 a - a +0 short sword (weapon)
Missiles
 l - 60 stones (quivered)
Jewellery
 r - a cursed ring of loudness (left tentacle)
Wands
 b - a wand of flame (9/48)
 c - a wand of enslavement (15/24)
 d - a wand of random effects (12/48)
Scrolls
 e - 2 scrolls of blinking {unknown}
 g - a scroll of enchant weapon {unknown}
 j - 5 scrolls of identify {unknown}
 k - 4 scrolls of remove curse {unknown}
 n - a scroll of teleportation {unknown}
 s - a scroll of magic mapping {unknown}
 t - 2 scrolls of enchant armour {unknown}
 u - a scroll of amnesia {unknown}
 v - a scroll of recharging {unknown}
Potions
 i - a potion of heal wounds
 o - a potion of flight
 p - a potion of curing {unknown}
 q - 2 potions of lignification {unknown}
 x - a potion of cure mutation {unknown}
Comestibles
 f - 2 bread rations
 h - a beef jerky
 m - a meat ration
 w - 3 chunks of flesh


   Skills:
 - Level 1.0 Fighting
 - Level 1.0 Short Blades
 + Level 3.5 Dodging
 * Level 6.9 Stealth
 - Level 3.2 Evocations


You had 4 spell levels left.
You didn't know any spells.

Dungeon Overview and Level Annotations

Branches:
Dungeon (4/15)
 Temple: D:4-7

Altars:
Nemelex Xobeh
Vehumet
Yredelemnul

Portals:
Ossuary: D:4

Annotations:
D:3 M4edhros's ghost, amateur OpAM


Innate Abilities, Weirdness & Mutations

You cannot wear most types of armour.
You are amphibious.
You can wear up to eight rings at the same time.
You can use your tentacles to constrict eight enemies at once.
Your skin changes colour to match your surroundings (Stealth).
Your rubbery body absorbs attacks (AC +1).


Message History

You hit the dart slug.
The dart slug is heavily wounded.
You constrict the dart slug. The dart slug barely misses you.
You hit the dart slug.
You kill the dart slug!
You see here a dart slug corpse.
You butcher the dart slug corpse.
w - 3 chunks of flesh (gained 2)
You open the door.
A mummy comes into view.
Found a sand-covered staircase.
A mummy is nearby!
You found an arrow trap!
There is an open door here.
You found an arrow trap!
The mummy barely misses you.
You hit the mummy but do no damage. Your grab misses the mummy.
The mummy hits you!!
Ouch! That really hurt!
You die...

#.......# ##.........
#.......# .......#..
#.......# #####.........
#.......####.............
#.....[......###.........
#......##.............#..
#.........#####'#####....
#...[......##.^...# ...
#.......##..##^@.## .
#.......###..##M##
##........# #..###
....)...#.......#
##..).[.#####.....
#..###.........##
#..#_#...#....##
#..#'#..........
##.......##..##..


You could see a mummy.

Vanquished Creatures
  An orc priest (D:3)
  An orc wizard (D:4)
  6 adders
  3 worms
  4 dart slugs
  6 giant geckos
  11 orcs
  3 giant cockroaches
  7 goblins
  2 hobgoblins (D:3)
  10 jackals
  A quokka (D:2)
  A ball python (D:3)
  6 bats
  5 giant newts
  A kobold (D:1)
  8 rats
76 creatures vanquished.

Notes
Turn   | Place    | Note
--------------------------------------------------------------
     0 | D:1      | M4edhros the Octopode Artificer began the quest for the Orb.
     0 | D:1      | Reached XP level 1. HP: 13/13 MP: 3/3
    32 | D:1      | Reached skill level 2 in Stealth
   118 | D:1      | Reached XP level 2. HP: 18/18 MP: 4/4
   307 | D:1      | Reached skill level 3 in Stealth
   330 | D:1      | Reached XP level 3. HP: 21/23 MP: 5/5
  1098 | D:2      | Reached skill level 4 in Stealth
  1511 | D:2      | Reached XP level 4. HP: 24/28 MP: 6/6
  1761 | D:3      | Reached skill level 5 in Stealth
  2125 | D:3      | Reached XP level 5. HP: 14/33 MP: 7/7
  2363 | D:3      | Found a basalt altar of Yredelemnul.
  2594 | D:3      | Reached skill level 6 in Stealth
  2776 | D:3      | Found a sparkling altar of Nemelex Xobeh.
  3006 | D:3      | Noticed M4edhros's ghost (amateur OpAM)
  3080 | D:4      | Found a radiant altar of Vehumet.
  3188 | D:4      | Found a sand-covered staircase.
  3192 | D:4      | Slain by a mummy

Vault maps used:
D:1:      dpeg_arrival_chambers_temple_mockup
D:3:      lemuel_coloured_pillars_altar, nemelex_spade_bored_becter
D:4:      kennysheep_mini_moat, gup_ossuary_entry_pyramid,
          uniq_crazy_yiuf_cottage

Skill      XL: |  1  2  3  4  5 |
---------------+----------------+-----
Stealth        | 2 3 4 5 6 |  6.9
Dodging        | 3 |  3.5
Fighting       | |  1.0
Short Blades   | |  1.0
Evocations     | |  3.2

Action                   |  1- 3 |  4- 6 || total
-------------------------+-------+-------++-------
Melee: Short sword       |    58 |   112 ||   170
Evoke: Wand              |       |     9 ||     9
  Use: Potion            |     1 |     2 ||     3
 Stab: Sleeping          |     9 |    12 ||    21
       Distracted        |       |     1 ||     1
  Eat: Chunk             |     1 |     6 ||     7
